Map: Radhuset Station LE

Players

SubN - Winner!

  • Race: Zerg Zerg
  • League: Diamond
  • Spawn Location: 1:00

RazorCrimp

  • Race: Zerg Zerg
  • League: Diamond
  • Spawn Location: 7:00

VOD

Have the link to the VOD?

Description

Time

  • Played on: Nov. 20, 2023, 1:13 p.m.
  • Length: 3:29
Show
View Real Time Build Order
Export as new Build Order

SubN Zerg - Winner!

Build Orders: Pool First 

Get SALT Encoding   

  12  0:00  Drone  
  13  0:08  Drone  
  14  0:17  Extractor  
  13  0:29  Spawning Pool  
  12  0:59  Hatchery  
  11  1:16  Queen  
  13  1:30  Metabolic Boost  
  13  1:38  Overlord  
  13  1:43  Zergling x2  
  14  1:56  Zergling x4  
  16  2:01  Zergling x2  
  17  2:11  Queen  
  19  2:16  Zergling x2  
  19  2:20  Zergling x2  
  21  2:29  Zergling x2  
  23  2:30  Zergling x2  
  23  2:44  Zergling x6  
  26  3:02  Zergling x4  
Show
View Real Time Build Order
Export as new Build Order

RazorCrimp Zerg 

Build Orders: Pool First 

Get SALT Encoding   

  12  0:00  Drone  
  13  0:13  Overlord  
  13  0:18  Drone  
  14  0:32  Drone  
  14  0:33  Drone  
  14  0:35  Drone  
  17  0:47  Spawning Pool  
  17  0:48  Drone  
  17  1:09  Hatchery  
  16  1:15  Drone  
  16  1:16  Extractor  
  16  1:17  Drone  
  17  1:21  Drone  
  18  1:33  Queen  
  18  1:38  Overlord  
  20  1:43  Drone  
  21  1:50  Drone  
  22  2:02  Drone  
  23  2:09  Queen  
  23  2:14  Drone  
  26  2:21  Queen  
  28  2:26  Drone x2  
  30  2:35  Drone  
  30  2:36  Drone  
  32  2:43  Overlord  
  32  2:52  Drone  
  33  3:09  Drone x4  
  37  3:16  Drone  
Tags
 
Add a new tag
Caveats
  • Supply blocks, unpowered buildings, or Contaminate may cause inaccurate times.
  • Supply counts are checked every 10 seconds.